 Seeded DCSS version 0.30.1-9-gdf580d7c3d (webtiles) character file.

Game seed: 1488530604685760082 (custom seed)

397 tkbsonic5 the Trooper (level 6, -1/52 HPs)
             Began as a Demigod Fighter on Oct 24, 2023.
             Slain by a troll (11 damage)
             ... on level 5 of the Dungeon.
             The game lasted 00:03:38 (2946 turns).

tkbsonic5 the Trooper (Demigod Fighter)             Turns: 2946, Time: 00:03:39

Health: -1/52      AC: 13    Str: 28    XL:     6   Next: 27%
Magic:  8/8        EV:  7    Int: 16    God:
Gold:   215        SH:  5    Dex: 13    Spells: 5/5 levels left

rFire   . . .        u - +11 broad axe "Demigod's Regret" {spect, Str+3}
rCold   . . .        c - +0 buckler
rNeg    . . .        t - +0 plate armour
rPois   .            (no helmet)
rElec   .            q - +0 cloak
rCorr   .            (no gloves)
SInv    .            g - +0 pair of boots
Will    .....        (no amulet)
Stlth   x              - +6 ring of intelligence
HPRegen 0.28/turn    (no ring)
MPRegen 0.11/turn

%: no passive effects
@: mighty
A: high MP 1, forlorn, divine attributes
a: no special abilities


You were on level 5 of the Dungeon.
You visited 1 branch of the dungeon, and saw 5 of its levels.

You collected 215 gold pieces.

Inventory:

Hand Weapons
 a - a +0 war axe {edelgarde'}
 u - the +11 broad axe "Demigod's Regret" (weapon) {spect, Str+3}
   (You found it on level 3 of the Dungeon)

   Str:       It affects your strength (+3).
Missiles
 y - 4 poisoned darts (quivered)
Armour
 b - a +0 scale mail
 c - a +0 buckler (worn)
 g - a +0 pair of boots (worn)
 q - a +0 cloak (worn)
 t - a +0 plate armour (worn)
Jewellery
 x - a +6 ring of intelligence (left hand)
Wands
 m - a wand of flame (26)
Scrolls
 e - a scroll of teleportation {unknown}
 f - a scroll of brand weapon {unknown}
 i - a scroll of summoning {unknown}
 j - 4 scrolls of identify {unknown}
 k - 2 scrolls of fog {unknown}
 n - a scroll of blinking {unknown}
 o - a scroll of enchant armour {unknown}
 p - a scroll of amnesia {unknown}
 r - a scroll of fear {unknown}
 v - a scroll of immolation {unknown}
Potions
 h - 3 potions of attraction {unknown}
 l - 3 potions of curing {unknown}
 s - a potion of degeneration {unknown}
 w - a potion of haste {unknown}
 z - a potion of magic {unknown}


   Skills:
 * Level 4.0 Fighting
 * Level 4.0 Axes
 + Level 3.6 Armour
 + Level 1.2 Dodging
 + Level 3.6 Shields


You had 5 spell levels left.
You didn't know any spells.
Your spell library contained the following spells:

 Spells                   Type           Power      Damage    Failure   Level
 Sandblast                Erth           0%         2d4       98%         1
 Passwall                 Tmut/Erth      0%         N/A       99%         2
 Stone Arrow              Conj/Erth      0%         3d7       100%        3
 Summon Ice Beast         Ice/Summ       0%         N/A       100%        4
 Summon Mana Viper        Hex/Summ       0%         N/A       100%        5
 Monstrous Menagerie      Summ           0%         N/A       100%        7


Dungeon Overview and Level Annotations

Branches:
Dungeon (5/15)
 Temple: D:4-7

Shops:
D:1 (


Innate Abilities, Weirdness & Mutations

You have an increased reservoir of magic. (+10% MP)
You shall have no god before yourself.
Your divine heritage dramatically boosts your attributes as you level up.


Message History

The hound bites you but does no damage. The hound bites you but does no damage.
The hound bites you but does no damage.
You see here an adder corpse.
The hound attacks as you move away! The hound bites you.
The hound attacks as you move away! You block the hound's attack.
The hound barely misses you. The hound attacks as you move away!
The hound bites you. The hound bites you but does no damage.
You slash the hound!
The hound is severely wounded.
The hound bites you but does no damage. x2
You barely miss the hound.
The hound is severely wounded.
The hound bites you. You block the hound's attack.
You slash the hound!
You kill the hound!
Your Axes skill increases to level 4!
You closely miss the troll.
The troll is lightly wounded.
The troll bites you. The troll claws you! The troll claws you.
You slash the troll!
The troll is moderately wounded.
The troll looks more healthy.
The orc wizard gestures wildly while chanting.
The orc wizard flickers and vanishes!
Deactivating autopickup; reactivate with Ctrl-A.
The troll bites you! The troll claws you but does no damage.
The troll completely misses you. The troll bites you. The troll claws you. x2
* * * LOW HITPOINT WARNING * * *
You slash the troll!
The troll is severely wounded.
The troll bites you.
* * * LOW HITPOINT WARNING * * *
The troll claws you but does no damage. The troll claws you.
* * * LOW HITPOINT WARNING * * *
Unknown command.
You feel very mighty all of a sudden. The troll bites you!
You die...

### # ..###### ...
#......############.....
...###......##.T@...#
..## #######...######
..### #..## ....## #..#
.....# #)†### .....#
##..#.### ....##
#..##...## ..###
#..#.....## ###
#.........#


You could see a troll.

Vanquished Creatures
  An ogre (D:5)
  Blork the orc (D:5)
  2 hounds (D:5)
  An orc priest (D:3)
  3 gnolls (D:4)
  6 adders
  2 worms
  A dart slug (D:2)
  3 orcs (D:3)
  9 endoplasms
  3 giant cockroaches
  4 goblins
  12 hobgoblins
  5 kobolds
  A quokka (D:1)
  7 ball pythons
  6 bats
  2 frilled lizards (D:3)
  5 rats
74 creatures vanquished.

Notes
Turn   | Place    | Note
-------+----------+-------------------------------------------
     0 | D:1      | tkbsonic5 the Demigod Fighter began the quest for the Orb.
     0 | D:1      | Reached XP level 1. HP: 18/18 MP: 3/3
   225 | D:1      | Reached XP level 2. HP: 25/25 MP: 4/4
   401 | D:1      | Found Dyac's Weapon Shop.
   669 | D:2      | Reached XP level 3. HP: 31/31 MP: 5/5
  1401 | D:2      | Reached XP level 4. HP: 37/38 MP: 6/6
  1876 | D:3      | Identified the +11 broad axe "Demigod's Regret" {spect,
                  | Str+3}
  2259 | D:3      | Found a large runed translucent door.
  2260 | D:3      | Found a large runed translucent door.
  2520 | D:4      | Reached XP level 5. HP: 42/45 MP: 7/7
  2723 | D:5      | Entered Level 5 of the Dungeon
  2759 | D:5      | Noticed an ogre
  2764 | D:5      | Killed an ogre
  2765 | D:5      | Reached skill level 1 in Dodging
  2898 | D:5      | Noticed Blork the orc
  2903 | D:5      | Killed Blork the orc
  2904 | D:5      | Reached XP level 6. HP: 52/52 MP: 8/8
  2926 | D:5      | Noticed a troll
  2946 | D:5      | Slain by a troll

Illustrated notes

Levels and vault maps discovered:
D:1:      nzn_arrival_settlement, layout_loops_ring, serial_shops, shop,
          hellmonk_ecumenical_altar_arch_garden, minmay_tetromino_t4
D:2:      layout_basic
D:3:      layout_loops_corners, old_standard_altar, jmf_multi_god_temple2,
          st_stairs_9
D:4:      layout_basic, serial_shops, nicolae_square_shop, enter_ossuary_5,
          skrybe_limestone_x, uniq_pikel
D:5:      layout_cave_pods, temple_fountains, portal_sewer_entry_d,
          serial_glass, glass_columns_c, glass_columns_b, minmay_ruined_shrine,
          uniq_eustachio, uniq_blork_the_orc

Skill      XL: |  1  2  3  4  5  6 |
---------------+-------------------+-----
Axes           | 2 3 4 |  4.0
Armour         | 3 |  3.6
Fighting       | 3 4 |  4.0
Shields        | 3 |  3.6
Dodging        | 1 |  1.2

Action                     |  1- 3 |  4- 6 || total
---------------------------+-------+-------++-------
  Melee: War axe           |    80 |    15 ||    95
         Broad axe         |       |    43 ||    43
  Throw: Dart              |       |     2 ||     2
    Use: Potion            |       |     1 ||     1
   Stab: Distracted        |       |     1 ||     1
 Armour: Scale mail        |    37 |     3 ||    40
         Plate armour      |       |    18 ||    18
  Dodge: Dodged            |    52 |    17 ||    69
  Block: Buckler           |    22 |    10 ||    32
